 Dungeon Crawl Stone Soup version 0.24.0-37-gcf1ca852f1 (webtiles) character file.

Game seed: 3040051990674531099, levelgen mode: deterministic

555 Peloso the Shield-Bearer (level 7, -2/60 HPs)
             Began as a Minotaur Fighter on Dec 3, 2019.
             Slain by a gnoll
             ... wielding a +0 halberd
              (9 damage)
             ... on level 4 of the Dungeon.
             The game lasted 00:06:46 (2815 turns).

Peloso the Shield-Bearer (Minotaur Fighter)         Turns: 2815, Time: 00:06:47

Health: -2/60      AC: 12    Str: 21      XL:     7   Next: 8%
Magic:  6/6        EV:  7    Int:  2 (5)  God:
Gold:   97         SH: 10    Dex:  8 (11) Spells: 6/6 levels left

rFire    . . .     SeeInvis .   a - +0 long sword
rCold    . . .     Gourm    +   c - +0 shield
rNeg     . . .     Faith    .   g - +0 plate armour
rPois    .         Spirit   .   (helmet restricted)
rElec    .         Reflect  .   (no cloak)
rCorr    .         Harm     .   (no gloves)
MR       .....                  (no boots)
Stlth    ..........             j - amulet of the gourmand
HPRegen  0.20/turn              e - ring of stealth
MPRegen  0.10/turn              l - +2 ring of evasion

@: no status effects
A: retaliatory headbutt, horns 2
a: no special abilities


You were on level 4 of the Dungeon.
You were full.

You visited 1 branch of the dungeon, and saw 4 of its levels.

You collected 97 gold pieces.

Inventory:

Hand Weapons
 a - a +0 long sword (weapon)
Armour
 b - a +0 scale mail
 c - a +0 shield (worn)
 g - a +0 plate armour (worn)
 p - a +0 chain mail
Jewellery
 e - a ring of stealth (left hand)
 j - an amulet of the gourmand (around neck)
 l - a +2 ring of evasion (right hand)
Wands
 i - a wand of iceblast (7)
 k - a wand of polymorph (11)
Scrolls
 m - a scroll of remove curse
 n - 3 scrolls of identify {unknown}
 o - 2 scrolls of teleportation {unknown}
 q - 2 scrolls of blinking {unknown}
Potions
 d - a potion of might
 h - 2 potions of agility
 r - a potion of haste {unknown}
Comestibles
 f - 6 rations
 s - 3 chunks of flesh


   Skills:
 + Level 4.6 Fighting
 + Level 5.0 Long Blades
 + Level 5.6 Armour
 + Level 1.2 Dodging
 + Level 6.6 Shields


You had 6 spell levels left.
You didn't know any spells.
Your spell library was empty.

Dungeon Overview and Level Annotations

Branches:
Dungeon (4/15)
 Temple: D:4-7

Altars:
Xom


Innate Abilities, Weirdness & Mutations

You reflexively headbutt those who attack you in melee.
You have a pair of horns on your head.


Message History

The orc wizard is moderately wounded.
The orc wizard hits you with a +0 dagger.
The orc hits you with a +0 flail. You block the orc wizard's attack.
The gnoll hits you from afar with a +1 halberd of flaming.
* * * LOW HITPOINT WARNING * * *
The gnoll burns you.
* * * LOW HITPOINT WARNING * * *
The gnoll closely misses you.
You hit the orc wizard.
The orc wizard is heavily wounded.
You block the orc wizard's attack. The orc hits you but does no damage.
The gnoll hits you from afar with a +1 halberd of flaming.
* * * LOW HITPOINT WARNING * * *
The gnoll burns you.
* * * LOW HITPOINT WARNING * * *
The orc wizard gestures at you while chanting.
The puff of flame hits you.
* * * LOW HITPOINT WARNING * * *
The gnoll hits you from afar with a +0 halberd!
You die...

##### ####.## .## o.o.####
#...... .># ###.o..###..<#
..# # ####.##....# ..## ###
#..)....## ..### ...
####.....#### #...# ...
##...##..g.## ##...##...
#...##.[g#oo######...(.....
##.........@(<).........^.^.
##..#|##...####......##..^_^.
#...#.##........#######..^^^.
#.....##....##..# #......
#...[†##...##..## #.#....
#..##.##...##.## #.#.### #.#
#.(....##.# #.#.# #.
...#...##.# #...# .
#..#######.# #)#.#


You could see an orc wizard, 2 gnolls and an orc.

Vanquished Creatures
  An ogre (D:4)
  A bullfrog (D:4)
  A scorpion (D:3)
  A howler monkey (D:4)
  An orc wizard (D:3)
  A gnoll shaman (D:4)
  Jessica (D:3)
  Terence (D:3)
  A worker ant (D:4)
  A gnoll (D:4)
  8 adders
  An adder skeleton (D:4)
  A worm (D:4)
  3 dart slugs
  A leopard gecko (D:2)
  16 orcs
  9 bats
  7 giant cockroaches
  8 hobgoblins
  7 jackals
  4 frilled lizards
  4 goblins (D:2)
  6 kobolds
  8 rats
93 creatures vanquished.

Vanquished Creatures (others)
  A hobgoblin (D:3)
1 creature vanquished.

Grand Total: 94 creatures vanquished

Notes
Turn   | Place    | Note
-------+----------+-------------------------------------------
     0 | D:1      | Peloso the Minotaur Fighter began the quest for the Orb.
     0 | D:1      | Reached XP level 1. HP: 19/19 MP: 0/0
   172 | D:1      | Reached skill level 4 in Shields
   172 | D:1      | Reached XP level 2. HP: 27/27 MP: 1/1
   678 | D:2      | Reached XP level 3. HP: 27/33 MP: 2/2
  1062 | D:2      | Reached XP level 4. HP: 37/40 MP: 3/3
  1609 | D:3      | Noticed Jessica
  1611 | D:3      | Killed Jessica
  1611 | D:3      | Reached skill level 5 in Shields
  1611 | D:3      | Reached XP level 5. HP: 46/46 MP: 4/4
  1664 | D:3      | Noticed Terence
  1668 | D:3      | Reached skill level 1 in Dodging
  1680 | D:3      | HP: 2/46 [poisoned by a scorpion]
  1688 | D:3      | HP: 2/46 [poisoned by a scorpion]
  1996 | D:3      | Killed Terence
  2065 | D:3      | Reached XP level 6. HP: 38/52 MP: 5/5
  2430 | D:4      | Found a shimmering altar of Xom.
  2475 | D:4      | Reached skill level 5 in Armour
  2486 | D:4      | Reached skill level 6 in Shields
  2498 | D:4      | Reached skill level 5 in Long Blades
  2782 | D:3      | Reached XP level 7. HP: 60/60 MP: 6/6
  2815 | D:4      | Slain by a gnoll

Levels and vault maps discovered:
D:1:      lightli_arrival_noodles, layout_loops_ring
D:2:      layout_basic, minmay_crystal_room
D:3:      layout_rooms, uniq_jessica, uniq_terence
D:4:      minmay_bubble_buster, layout_rooms, xom_teletrap_fun,
          nicolae_qazlal_eye_of_the_storm, first_ration

Skill      XL: |  1  2  3  4  5  6 |
---------------+-------------------+-----
Shields        | 4 5 6 |  6.6
Armour         | 4 5 |  5.6
Long Blades    | 3 4 5 |  5.0
Fighting       | 4 |  4.6
Dodging        | 1 |  1.2

Action                   |  1- 3 |  4- 6 |  7- 9 || total
-------------------------+-------+-------+-------++-------
Melee: Long sword        |    88 |   148 |    17 ||   253
       Headbutt          |     9 |    26 |     4 ||    39
  Use: Scroll            |       |     4 |       ||     4
       Potion            |       |     3 |       ||     3
  Eat: Chunk             |     8 |     4 |       ||    12
Armor: Scale mail        |    26 |       |       ||    26
       Chain mail        |    43 |    34 |       ||    77
       Plate armour      |       |   101 |    22 ||   123
Dodge: Dodged            |    37 |    53 |    16 ||   106
Block: Shield            |    54 |   162 |    13 ||   229
       Rpst.: Long sword |     8 |    12 |     2 ||    22
